 Dungeon Crawl Stone Soup version 0.20.1-1-g8b1a95d (webtiles) character file.

47 vatarom the Insei (level 3, 0/27 HPs)
             Began as a Demonspawn Transmuter on Sept 21, 2017.
             Succumbed to an adder's poison
             ... on level 2 of the Dungeon.
             The game lasted 00:03:16 (1683 turns).

vatarom the Insei (Demonspawn Transmuter)           Turns: 1683, Time: 00:03:16

Health: 0/27       AC:  3    Str:  9 (10) XL:     3   Next: 48%
Magic:  6/6        EV: 14    Int: 11 (14) God:
Gold:   28         SH:  0    Dex: 12 (14) Spells: 0/6 levels left

rFire    . . .     SeeInvis .     - Unarmed
rCold    . . .     Gourm    .   (no shield)
rNeg     . . .     Faith    .   b - +1 robe
rPois    .         Spirit   .   (helmet restricted)
rElec    .         Reflect  .   (no cloak)
rCorr    .         Harm     .   (no gloves)
MR       .....                  (boots currently unavailable)
Stlth    +.........             (no amulet)
Regen    0.1/turn               (no ring)
MPRegen  0.1/turn               (no ring)

@: lethally poisoned (0 -> -7), appendage (expiring)
A: horns 1, talons 3, repulsion field 1
a: End Transformation


You were on level 2 of the Dungeon.
You were not hungry.
You had grown temporary talons.
You visited 1 branch of the dungeon, and saw 2 of its levels.

You collected 28 gold pieces.

Inventory:

Missiles
 a - 27 arrows
Armour
 b - a +1 robe (worn)
Wands
 i - a wand of confusion (14/48)
Scrolls
 e - 2 scrolls of enchant weapon
 f - 2 scrolls of enchant armour
Books
 c - a book of Changes

   Spells                             Type                      Level
   a - Beastly Appendage              Transmutation                1
   b - Sticks to Snakes               Transmutation                2
   c - Spider Form                    Transmutation/Poison         3
   d - Ice Form                       Ice/Transmutation            4
   e - Blade Hands                    Transmutation                5
Comestibles
 d - a bread ration
 g - a chunk of flesh
 h - 4 fruits


   Skills:
 + Level 1.7 Fighting
 + Level 2.1 Dodging
 * Level 3.4 Unarmed Combat
 - Level 2.0 Spellcasting
 + Level 2.1 Transmutations


You couldn't memorise any spells.
You knew the following spells:

 Your Spells              Type           Power        Failure   Level  Hunger
a - Beastly Appendage     Tmut           #.....       12%         1    ##.....
b - Sticks to Snakes      Tmut           #.......     19%         2    ###....
c - Spider Form           Tmut/Pois      #.........   50%         3    ####...


Dungeon Overview and Level Annotations

Branches:
Dungeon (2/15)

Altars:


Innate Abilities, Weirdness & Mutations

You have a pair of small horns on your head.
You are surrounded by a mild repulsion field. (EV +2)
You have claws for feet.


Message History

The adder bites you.
* * * LOW HITPOINT WARNING * * *
The adder misses you.
You aren't carrying any potions.
You aren't carrying any potions.
Okay, then.
Are you sure you want to abandon this character and quit the game? (Confirm with "yes".)
Okay, then.
* * * LOW HITPOINT WARNING * * *
You feel sick.
Okay, then.
You closely miss the adder. Your headbutt misses the adder.
The adder is almost dead.
* * * LOW HITPOINT WARNING * * *
You feel sick. The adder bites you but does no damage.
You hit the adder.
You kill the adder!
* * * LOW HITPOINT WARNING * * *
You feel sick.
You die...

#+# ## #.####
#.#####....
#....#..#
#.#....##
##.$....####.
#..@.........
#.##.#........
#.#.#######
#.#.# ..#.#
###.# #.#
######## #.#
#......# #.#


There were no monsters in sight!

Vanquished Creatures
  An adder (D:2)
  A leopard gecko (D:2)
  3 giant cockroaches
  6 goblins
  3 hobgoblins
  3 jackals (D:1)
  A kobold (D:1)
  5 bats
  2 frilled lizards (D:1)
  9 rats
34 creatures vanquished.

Vanquished Creatures (collateral kills)
  A kobold (D:1)
1 creature vanquished.

Grand Total: 35 creatures vanquished

Notes
Turn   | Place    | Note
-------+----------+-------------------------------------------
     0 | D:1      | vatarom the Demonspawn Transmuter began the quest for the Orb.
     0 | D:1      | Reached XP level 1. HP: 15/15 MP: 3/3
   326 | D:1      | Reached skill level 3 in Unarmed Combat
   359 | D:1      | Gained mutation: You have a pair of small horns on your head. [demonic ancestry]
   359 | D:1      | Reached XP level 2. HP: 20/21 MP: 3/5
   866 | D:1      | Learned a level 2 spell: Sticks to Snakes
  1342 | D:2      | Gained mutation: You are surrounded by a mild repulsion field. (EV +2) [demonic ancestry]
  1342 | D:2      | Reached XP level 3. HP: 24/26 MP: 4/6
  1347 | D:2      | Learned a level 3 spell: Spider Form
  1681 | D:2      | HP: 1/27 [poisoned by an adder]
  1683 | D:2      | Succumbed to an adder's poison

Skill      XL: |  1  2 |
---------------+-------+-----
Unarmed Combat | 3 |  3.4
Dodging        | 2 |  2.1
Transmutations | 2 |  2.1
Fighting       | |  1.7
Spellcasting   | |  2.0

Action                   || total
-------------------------++-------
Melee: Unarmed           ||    97
       Kick              ||     9
       Headbutt          ||    11
 Cast: Beastly Appendage ||    15
       Sticks to Snakes  ||     1
  Use: Scroll            ||     6
       Potion            ||     3
 Stab: Sleeping          ||     3
  Eat: Chunk             ||     2
       Royal jelly       ||     1
Armor: Robe              ||    26
Dodge: Dodged            ||    57
